 Dungeon Crawl Stone Soup version 0.21.0 (webtiles) character file.

558 Monsterracer the Chopper (level 7, -5/61 HPs)
             Began as a Minotaur Berserker on Jan 5, 2018.
             Was a Priest of Trog.
             Slain by Suckerboh's ghost (6 damage)
             ... on level 5 of the Dungeon.
             The game lasted 00:03:22 (3794 turns).

Monsterracer the Chopper (Minotaur Berserker)       Turns: 3794, Time: 00:03:22

Health: -5/61      AC: 12    Str: 24    XL:     7   Next: 9%
Magic:  6/6        EV: 11    Int:  4    God:    Trog [***...]
Gold:   195        SH:  0    Dex:  9    Spells: 6/6 levels left

rFire    . . .     SeeInvis .   a - +0 hand axe
rCold    . . .     Gourm    .   (no shield)
rNeg     . . .     Faith    .   h - +0 scale mail
rPois    .         Spirit   .   (helmet restricted)
rElec    .         Reflect  .   r - +2 cloak
rCorr    .         Harm     .   f - +1 pair of gloves
MR       +++..                  (no boots)
Stlth    ..........             (no amulet)
HPRegen  1.20/turn              j - ring of protection from magic
MPRegen  0.10/turn              (no ring)

@: lethally poisoned (-5 -> -14), berserk cooldown, regenerating, slowed, very
slow
A: retaliatory headbutt, horns 2
a: Berserk, Trog's Hand, Burn Spellbooks, Renounce Religion


You were on level 5 of the Dungeon.
You worshipped Trog.
Trog was most pleased with you.
You were near starving.

You visited 1 branch of the dungeon, and saw 5 of its levels.

You collected 195 gold pieces.

Inventory:

Hand Weapons
 a - a +0 hand axe (weapon)
 b - a +2 flail of crushing
Armour
 e - a +0 large shield
 f - a +1 pair of gloves (worn)
 h - a +0 scale mail (worn)
 m - a +2 ring mail of poison resistance
 r - a +2 cloak (worn)
Jewellery
 j - a ring of protection from magic (left hand)
Scrolls
 d - a scroll of blinking
 g - 2 scrolls of teleportation
 p - 3 scrolls of remove curse
 q - a scroll of fog
Potions
 k - 5 potions of heal wounds
 l - 2 potions of agility
 s - a potion of curing
 t - 2 potions of mutation
 u - 2 potions of haste
Comestibles
 c - 9 rations


   Skills:
 + Level 5.4 Fighting
 * Level 6.8 Axes
 + Level 4.7 Armour
 + Level 4.2 Dodging


You had 6 spell levels left.
You didn't know any spells.

Dungeon Overview and Level Annotations

Branches:
Dungeon (5/15)
 Temple: D:4-7

Altars:
Qazlal
Sif Muna
Zin

Shops:
D:4 [

Annotations:
D:3 1 runed door
D:5 Suckerboh's ghost, novice KoBe


Innate Abilities, Weirdness & Mutations

You reflexively headbutt those who attack you in melee.
You have a pair of horns on your head.


Message History

Suckerboh's ghost is almost destroyed.
You are no longer berserk.
You are exhausted.
You feel yourself slow down.
You feel sick. Suckerboh's ghost barely misses you.
You now have 35/61 hp.
You barely miss Suckerboh's ghost.
Suckerboh's ghost is almost destroyed.
You feel very sick.
Suckerboh's ghost hits you but does no damage.
You are lethally poisoned!
You take 3 damage, and have 32/61 hp.
Your skin crawls.
You feel resistant to hostile enchantments.
You feel quite a bit more hungry.
You feel very sick. Suckerboh's ghost hits you!
You are more poisoned.
Suckerboh's ghost hits you but does no damage.
You take 9 damage, and have 23/61 hp.
You closely miss Suckerboh's ghost.
Suckerboh's ghost is almost destroyed.
You feel very sick. Suckerboh's ghost closely misses you.
You furiously retaliate!
You headbutt Suckerboh's ghost, but do no damage.
You take 4 damage, and have 19/61 hp.
You barely miss Suckerboh's ghost. Your headbutt misses Suckerboh's ghost.
Suckerboh's ghost is almost destroyed.
You feel very sick. Suckerboh's ghost hits you!
* * * LOW HITPOINT WARNING * * *
You are more poisoned.
Suckerboh's ghost yells, "Who would have thought, even in death it is a pleasure to sever!"
Suckerboh's ghost hits you but does no damage.
You take 10 damage, and have 9/61 hp.
You are near starving!
You hit Suckerboh's ghost but do no damage.
Suckerboh's ghost is almost destroyed.
* * * LOW HITPOINT WARNING * * *
You feel very sick. Suckerboh's ghost barely misses you.
You take 4 damage, and have 5/61 hp.
You closely miss Suckerboh's ghost.
Suckerboh's ghost is almost destroyed.
* * * LOW HITPOINT WARNING * * *
You feel very sick.
Suckerboh's ghost screams, "Don't try to defend!
You have no chance!"
Suckerboh's ghost hits you but does no damage.
Suckerboh's ghost closely misses you.
You take 3 damage, and have 2/61 hp.
Unknown command.
You feel better.
Suckerboh's ghost says, "It's not the size of the blade that matters, it's how you use it."
Suckerboh's ghost hits you but does no damage.
You are poisoned.
You regained 10 hp, and now have 12/61 hp.
Okay, then.
You completely miss Suckerboh's ghost.
Suckerboh's ghost is almost destroyed.
You feel sick. Suckerboh's ghost barely misses you.
Suckerboh's ghost shouts, "I was like you once."
Suckerboh's ghost misses you.
You take 1 damage, and have 11/61 hp.
You miss Suckerboh's ghost. Your headbutt misses Suckerboh's ghost.
Suckerboh's ghost is almost destroyed.
You feel sick. Suckerboh's ghost closely misses you.
You miss Suckerboh's ghost.
Suckerboh's ghost is almost destroyed.
You feel sick.
Suckerboh's ghost hits you but does no damage.
You are more poisoned.
Suckerboh's ghost barely misses you.
Unknown command.
You completely miss Suckerboh's ghost.
Suckerboh's ghost is almost destroyed.
You feel sick.
Suckerboh's ghost hits you but does no damage.
You are more poisoned.
You closely miss Suckerboh's ghost.
Suckerboh's ghost is severely damaged.
You feel sick. Suckerboh's ghost hits you!
* * * LOW HITPOINT WARNING * * *
You are lethally poisoned!
Suckerboh's ghost completely misses you.
You take 8 damage, and have 5/61 hp.
You hit Suckerboh's ghost.
Suckerboh's ghost is almost destroyed.
* * * LOW HITPOINT WARNING * * *
You feel very sick. Suckerboh's ghost closely misses you.
You take 2 damage, and have 3/61 hp.
Unknown command.
You slash Suckerboh's ghost!
Suckerboh's ghost is almost destroyed.
* * * LOW HITPOINT WARNING * * *
You feel very sick.
Suckerboh's ghost hits you but does no damage.
You are more poisoned.
Suckerboh's ghost hits you.
You die...

#.....#
####.## ##.#
#..# ### #
#.## #.# #
#.# ##.## #
#.# ... # #.#
# #W# # # #.#
#.#@#.# # #.#
#.#.#.# # #.#
#.....#
#####.#
###.###
...##.# #.#
##.##.#######
#.#
##.##.......#
#.#
........###.#
#.# ...####.#
#.# #.#


You could see Suckerboh's ghost.

Vanquished Creatures
  2 ogres
  Crazy Yiuf (D:2)
  3 orc priests
  An iguana (D:4)
  An orc wizard (D:5)
  A worker ant (D:5)
  Terence (D:2)
  7 adders
  3 oozes
  2 worms (D:2)
  5 dart slugs
  2 leopard geckos
  6 orcs
  2 ball pythons (D:2)
  9 bats
  3 giant cockroaches
  8 goblins
  10 hobgoblins
  5 jackals (D:2)
  A quokka (D:3)
  3 frilled lizards
  4 kobolds
  8 rats
88 creatures vanquished.

Notes
Turn   | Place    | Note
-------+----------+-------------------------------------------
     0 | D:1      | Monsterracer the Minotaur Berserker began the quest for the Orb.
     0 | D:1      | Reached XP level 1. HP: 19/19 MP: 0/0
   109 | D:1      | Reached XP level 2. HP: 6/27 MP: 1/1
   110 | D:1      | Reached skill level 4 in Axes
   422 | D:1      | Reached XP level 3. HP: 24/33 MP: 2/2
   530 | D:1      | Reached ** piety under Trog
  1024 | D:2      | Noticed Terence
  1031 | D:2      | Killed Terence
  1031 | D:2      | Reached XP level 4. HP: 40/40 MP: 3/3
  1506 | D:2      | Reached skill level 5 in Axes
  1729 | D:2      | Found a runed door.
  2089 | D:2      | Noticed Crazy Yiuf
  2095 | D:2      | Killed Crazy Yiuf
  2095 | D:2      | Reached XP level 5. HP: 47/47 MP: 4/4
  2251 | D:3      | Found a stormy altar of Qazlal.
  2251 | D:3      | Found a deep blue altar of Sif Muna.
  2426 | D:3      | Reached *** piety under Trog
  2502 | D:3      | Found a glowing silver altar of Zin.
  2535 | D:3      | Found a runed door.
  2535 | D:3      | Noticed an angel
  2654 | D:4      | Got an opalescent robe
  2815 | D:4      | Noticed an ogre
  2822 | D:4      | Killed an ogre
  2822 | D:4      | Reached skill level 6 in Axes
  2822 | D:4      | Reached XP level 6. HP: 55/55 MP: 5/5
  2858 | D:4      | Found Fodwiugo's Armour Emporium.
  3020 | D:4      | Reached skill level 5 in Fighting
  3129 | D:5      | Entered Level 5 of the Dungeon
  3202 | D:5      | Reached XP level 7. HP: 35/61 MP: 6/6
  3760 | D:5      | Noticed Suckerboh's ghost (novice KoBe)
  3786 | D:5      | HP: 2/61 [poisoned by Suckerboh's ghost]
  3793 | D:5      | HP: 3/61 [poisoned by Suckerboh's ghost]
  3794 | D:5      | HP: 1/61 [poisoned by Suckerboh's ghost]
  3794 | D:5      | Slain by Suckerboh's ghost

Skill      XL: |  1  2  3  4  5  6 |
---------------+-------------------+-----
Axes           | 4 5 6 |  6.8
Fighting       | 4 5 |  5.4
Armour         | 3 4 |  4.7
Dodging        | 3 4 |  4.2

Action                   |  1- 3 |  4- 6 |  7- 9 || total
-------------------------+-------+-------+-------++-------
Melee: Hand axe          |    59 |   130 |    38 ||   227
       Headbutt          |    10 |    23 |     4 ||    37
Invok: Berserk           |     2 |     4 |     1 ||     7
       Trog's Hand       |       |       |     1 ||     1
  Use: Scroll            |       |    13 |     1 ||    14
       Potion            |       |       |     1 ||     1
  Eat: Chunk             |     1 |    12 |     1 ||    14
Armor: Animal skin       |     5 |       |       ||     5
       Scale mail        |    22 |    58 |    15 ||    95
Dodge: Dodged            |    38 |    73 |    16 ||   127

Vault maps used:
D:1:      saegor_arrival_miasma
D:2:      kennysheep_generic_room_2, uniq_crazy_yiuf_cottage, uniq_terence
D:3:      gammafunk_temple_overflow_elements, lemuel_angel_altar
D:4:      serial_shops, shop, first_ration, st_stairs_4
D:5:      lemuel_coloured_pillars_altar
